 Dungeon Crawl Stone Soup version 0.30-a0-234-g97d66968fd (webtiles) character file.

Game seed: 10053791835846968430

3974 qw the Cleaver (level 10, -9/60 HPs)
             Began as a Gargoyle Fighter on Oct 9, 2022.
             Was a Priest of Okawaru.
             Mangled by a manticore (13 damage)
             ... on level 8 of the Dungeon on Oct 10, 2022.
             The game lasted 00:02:10 (5756 turns).

qw the Cleaver (Gargoyle Fighter)                   Turns: 5756, Time: 00:02:11

Health: -9/60      AC: 31    Str: 23    XL:     10   Next: 22%
Magic:  11/13      EV:  7    Int: 10    God:    Okawaru [***...]
Gold:   424        SH:  7    Dex: 15    Spells: 9/9 levels left

rFire   . . .      SeeInvis .    Y - +3 war axe
rCold   . . .      Faith    .    c - +0 buckler
rNeg    + . .      Spirit   .    e - +0 crystal plate armour
rPois   inf        Reflect  .    (no helmet)
rElec   +          Harm     .    k - +0 cloak
rCorr   .          Rampage  .    (no gloves)
Will    .....                    (no boots)
Stlth   ..........               f - amulet of regeneration
HPRegen 1.10/turn                g - +6 ring of dexterity
MPRegen 0.13/turn                (no ring)

@: heroic
A: sickness immunity, AC +7, negative energy resistance 1, electricity
resistance, torment resistance 1, petrification resistance
a: Renounce Religion, Heroism


You were on level 8 of the Dungeon.
You worshipped Okawaru.
Okawaru was most pleased with you.
You visited 2 branches of the dungeon, and saw 9 of its levels.

You collected 424 gold pieces.


Innate Abilities, Weirdness & Mutations

You are immune to sickness and miasma.
Your stone body is resilient. (AC +7)
You are immune to poison.
You resist negative energy. (rN+)
You are resistant to electric shocks. (rElec)
You are resistant to unholy torment.
You are immune to petrification.


   Skills:
 + Level 6.1(11.1) Fighting
 - Level 9.2(14.2) Axes
 - Level 2.2(7.2) Throwing
 - Level 8.3(13.3) Armour
 - Level 1.3(6.3) Dodging
 - Level 5.3(10.3) Shields
 - Level 4.1 Invocations


You had 9 spell levels left.
You didn't know any spells.
Your spell library was empty.

Inventory:

Hand Weapons
 m - a +0 flail
 Y - a +3 war axe (weapon)
Missiles
 j - 5 boomerangs
 o - 4 javelins (quivered)
Armour
 c - a +0 buckler (worn)
 e - a +0 crystal plate armour (worn)
 k - a +0 cloak (worn)
Jewellery
 f - an amulet of regeneration (around neck)
 g - a +6 ring of dexterity (left hand)
Scrolls
 i - a scroll of identify
Potions
 b - 3 potions of curing
 d - a potion of might
 h - a potion of attraction
 l - a potion of mutation
 p - a potion of lignification
 q - 2 potions of haste

Dungeon Overview and Level Annotations

Branches:
Dungeon (8/15)             Temple (1/1) D:5
   Lair: D:8-11

Altars:
Ashenzari
Cheibriados
Dithmenos
Elyvilon
Fedhas
Gozag
Hepliaklqana
Makhleb
Nemelex Xobeh
Okawaru
Qazlal
Ru
Sif Muna
Trog
Uskayaw
Vehumet
Wu Jian
Xom
Yredelemnul
Zin
The Shining One

Annotations:
D:4 2 transporters
D:6 1 runed translucent door, Crazy Yiuf


Message History

You feel like a meek peon again.
The death knight calls down the wrath of Yredelemnul upon you.
Your body is wracked with pain!
The orc hits you but does no damage.
5749 ||| INVOKING Heroism.
You gain the combat prowess of a mighty hero.
The death knight mumbles some strange prayers to Yredelemnul against you.
You struggle to resist.
The orc hits you but does no damage.
You barely miss the death knight.
The death knight is almost dead.
You hit the orc but do no damage.
The death knight's dark mirror aura disappears.
The death knight hits you with a +0 broad axe!
The orc hits you but does no damage.
You slash the death knight!
You kill the death knight!
Okawaru is honoured by your kill.
Okawaru will now gift you throwing weapons as you gain piety.
You hit the orc.
You kill the orc!
A manticore comes into view.
Your base Armour skill increases to level 8!
You slash the manticore!
The manticore is moderately wounded.
You block the manticore's attack.
The manticore claws you but does no damage. x2
You closely miss the manticore.
The manticore is moderately wounded.
The manticore bites you but does no damage.
You block the manticore's attack. The manticore claws you.
You hit the manticore.
The manticore is moderately wounded.
You hit the manticore but do no damage.
The manticore is moderately wounded.
The manticore barely misses you.
The manticore claws you but does no damage.
You block the manticore's attack.
You hit the manticore.
The manticore is heavily wounded.
The manticore bites you!
You die...

## ## #|. .
# .H# .#..
##p# ##...
#.#.# #.#..
.#.#.#.#.#
#.#)#H#.#
#.#@#.###
#.#.#..#
##.##.}#
### ##...##
#..# ###..#
#...###...#
#...#...##
#.....##..
##...###.


You could see a manticore.

Vanquished Creatures
  A death knight (D:8)
  An ugly thing (D:8)
  A manticore (D:8)
  A steam dragon (D:7)
  2 water moccasins
  Duvessa (D:7)
  An ice beast (D:4)
  2 sky beasts (D:7)
  An orc warrior (D:6)
  An ogre (D:6)
  A centaur (D:7)
  A bullfrog (D:7)
  5 necrophages
  3 scorpions (D:6)
  8 wights (D:6)
  Dowan (D:7)
  4 howler monkeys
  5 hounds
  2 jellies
  An orc priest (D:3)
  3 iguanas
  An orc wizard (D:3)
  4 gnolls (D:5)
  5 adders
  A shadow imp (D:8)
  A white imp (D:6)
  3 dart slugs
  17 orcs
  12 ball pythons
  5 endoplasms
  2 giant cockroaches
  6 goblins
  6 hobgoblins
  3 quokkas
  4 bats
  3 frilled lizards
  9 kobolds
  3 rats
131 creatures vanquished.

Vanquished Creatures (others)
  A shadow imp (D:7)
1 creature vanquished.

Grand Total: 132 creatures vanquished

Notes
Turn   | Place    | Note
-------+----------+-------------------------------------------
     0 | D:1      | qw the Gargoyle Fighter began the quest for the Orb.
     0 | D:1      | Reached XP level 1. HP: 14/14 MP: 1/1
     0 | D:1      | 0 ||| qw: Version: 0.2-a-17-g06abaee
     0 | D:1      | 0 ||| qw: Game counter: 2348
     0 | D:1      | 0 ||| qw: Always use a shield: true
     0 | D:1      | 0 ||| qw: God list: Okawaru
     0 | D:1      | 0 ||| qw: Allow faded altars: false
     0 | D:1      | 0 ||| qw: Do Orc after D:15 true
     0 | D:1      | 0 ||| qw: Do second Lair branch before Depths: true
     0 | D:1      | 0 ||| qw: Lair rune preference: random
     0 | D:1      | 0 ||| qw: Plans: Normal, Zot:1-4, God:TSO, Crypt, Tomb,
                  | Pan, Slime:5, Hells, Abyss, Orb
     0 | D:1      | 0 ||| PLANNING D:1-11
    16 | D:1      | Reached skill level 2 in Axes
   105 | D:1      | Reached XP level 2. HP: 19/19 MP: 2/2
   276 | D:1      | 276 ||| Stepping ~*~*~tactically~*~*~ (stealth).
   409 | D:1      | 409 ||| Stepping ~*~*~tactically~*~*~ (stealth).
   411 | D:1      | 411 ||| Stepping ~*~*~tactically~*~*~ (stealth).
   418 | D:1      | 418 ||| Stepping ~*~*~tactically~*~*~ (stealth).
   422 | D:1      | Reached skill level 3 in Axes
   426 | D:1      | 426 ||| Stepping ~*~*~tactically~*~*~ (stealth).
   429 | D:1      | 429 ||| Stepping ~*~*~tactically~*~*~ (hiding).
   438 | D:1      | Reached XP level 3. HP: 23/23 MP: 3/3
   768 | D:1      | 768 ||| UPGRADING to +0 crystal plate armour.
   778 | D:1      | 778 ||| DROPPING +0 scale mail.
   779 | D:1      | 779 ||| UPGRADING to amulet of regeneration.
   784 | D:1      | 784 ||| READING scroll labelled YFUSHY USYK.
   785 | D:1      | 785 ||| READING 2 scrolls labelled WATAOFIMOO.
   786 | D:1      | 786 ||| DRINKING 2 fizzy silvery potions.
   948 | D:2      | Found a faded altar of an unknown god.
  1134 | D:2      | 1134 ||| Stepping ~*~*~tactically~*~*~ (stealth).
  1187 | D:2      | Identified the +1 robe of Spite {Int+3}
  1199 | D:2      | 1199 ||| DROPPING +0 club.
  1356 | D:2      | 1356 ||| READING scroll labelled MINAFU TAJAMA.
  1357 | D:2      | 1357 ||| READING scroll labelled COTWAPL JYLO.
  1358 | D:2      | 1358 ||| READING scroll labelled SIETTASTEPT.
  1359 | D:2      | 1359 ||| READING 2 scrolls of identify.
  1359 | D:2      | 1359 ||| IDENTIFYING green potion
  1360 | D:2      | 1360 ||| DROPPING potion of brilliance.
  1691 | D:3      | 1691 ||| Stepping ~*~*~tactically~*~*~ (stealth).
  1692 | D:3      | 1692 ||| Stepping ~*~*~tactically~*~*~ (stealth).
  1706 | D:3      | Reached XP level 4. HP: 28/28 MP: 4/4
  1781 | D:3      | 1781 ||| Stepping ~*~*~tactically~*~*~ (hiding).
  1794 | D:3      | Reached skill level 4 in Axes
  1796 | D:3      | 1796 ||| Stepping ~*~*~tactically~*~*~ (stealth).
  1797 | D:3      | 1797 ||| Stepping ~*~*~tactically~*~*~ (stealth).
  1798 | D:3      | 1798 ||| Stepping ~*~*~tactically~*~*~ (stealth).
  1800 | D:3      | 1800 ||| Stepping ~*~*~tactically~*~*~ (stealth).
  1807 | D:3      | 1807 ||| Stepping ~*~*~tactically~*~*~ (stealth).
  1810 | D:3      | 1810 ||| Stepping ~*~*~tactically~*~*~ (stealth).
  1880 | D:3      | 1880 ||| Stepping ~*~*~tactically~*~*~ (hiding).
  1904 | D:3      | Reached XP level 5. HP: 29/32 MP: 5/5
  1909 | D:3      | 1909 ||| DROPPING +0 whip.
  1928 | D:3      | Found a burning altar of Makhleb.
  1928 | D:3      | Found a white marble altar of Elyvilon.
  2204 | D:3      | 2204 ||| UPGRADING to +6 ring of dexterity.
  2205 | D:3      | 2205 ||| READING scroll labelled TIBOQE USKOUK.
  2206 | D:3      | 2206 ||| READING scroll labelled UNIYFU FOGGUL.
  2207 | D:3      | 2207 ||| DRINKING 2 bubbling emerald potions.
  2208 | D:3      | 2208 ||| DRINKING 2 emerald potions.
  2209 | D:3      | 2209 ||| READING 3 scrolls of identify.
  2209 | D:3      | 2209 ||| IDENTIFYING white potion
  2210 | D:3      | 2210 ||| DROPPING potion of flight.
  2384 | D:4      | Found a transporter.
  2479 | D:4      | Reached skill level 5 in Axes
  2501 | D:4      | Found a transporter.
  2551 | D:4      | 2551 ||| Stepping ~*~*~tactically~*~*~ (stealth).
  2555 | D:4      | Reached XP level 6. HP: 37/37 MP: 6/6
  2587 | D:4      | Noticed an ice beast
  2594 | D:4      | Killed an ice beast
  2644 | D:4      | 2644 ||| READING 2 scrolls of enchant weapon.
  2644 | D:4      | 2644 ||| ENCHANTING +1 war axe.
  2645 | D:4      | 2645 ||| READING scroll of enchant weapon.
  2645 | D:4      | 2645 ||| ENCHANTING +2 war axe.
  2880 | D:4      | 2880 ||| READING scroll labelled ZEAPREKIEJ.
  2881 | D:4      | 2881 ||| READING scroll labelled DOXYEN VEOMI.
  2895 | D:5      | Entered Level 5 of the Dungeon
  2896 | D:5      | 2896 ||| PLANNING OSSUARY
  2908 | D:5      | Found a staircase to the Ecumenical Temple.
  2997 | D:5      | Found a bloodstained altar of Trog.
  2999 | D:5      | Noticed a water moccasin
  3008 | D:5      | Killed a water moccasin
  3009 | D:5      | Reached XP level 7. HP: 44/44 MP: 7/7
  3019 | D:5      | Identified the +1 ring mail "Susun" {rElec SInv Stlth+}
  3270 | D:5      | Reached skill level 1 in Throwing
  3500 | D:5      | 3500 ||| RIP OSSUARY
  3564 | D:5      | 3564 ||| PLANNING TEMPLE
  3564 | D:5      | 3564 ||| UPGRADING to +0 cloak.
  3569 | D:5      | 3569 ||| READING scroll labelled MOMAKLUNNE.
  3572 | D:5      | 3572 ||| READING 3 scrolls of identify.
  3572 | D:5      | 3572 ||| IDENTIFYING sapphire potion
  3614 | Temple   | Entered the Ecumenical Temple
  3616 | Temple   | 3616 ||| PLANNING OKAWARU WORSHIP
  3623 | Temple   | Became a worshipper of Warmaster Okawaru
  3624 | Temple   | 3624 ||| PLANNING D:1-11
  3685 | D:6      | Found an opulent altar of Gozag.
  3688 | D:6      | 3688 ||| Stepping ~*~*~tactically~*~*~ (stealth).
  3699 | D:6      | Reached skill level 6 in Axes
  3734 | D:6      | Reached skill level 1 in Dodging
  3739 | D:6      | HP: 6/44 [wight/+3 great sword (11)]
  3740 | D:6      | Reached XP level 8. HP: 6/48 MP: 8/8
  3740 | D:6      | 3740 ||| DRINKING 2 potions of heal wounds.
  3752 | D:6      | Reached * piety under Okawaru
  3753 | D:6      | Reached skill level 7 in Axes
  3853 | D:6      | Reached skill level 1 in Invocations
  3949 | D:6      | 3949 ||| INVOKING Heroism.
  3950 | D:6      | 3950 ||| INVOKING Heroism.
  3970 | D:6      | Reached skill level 6 in Armour
  3970 | D:6      | Reached skill level 3 in Invocations
  4230 | D:6      | 4230 ||| INVOKING Heroism.
  4332 | D:6      | Found a runed translucent door.
  4333 | D:6      | Noticed Crazy Yiuf
  4512 | D:6      | Reached XP level 9. HP: 54/54 MP: 12/12
  4563 | D:6      | 4563 ||| INVOKING Heroism.
  4714 | D:6      | 4714 ||| READING scroll labelled XUHARUXZOA.
  4715 | D:6      | 4715 ||| READING 3 scrolls of identify.
  4715 | D:6      | 4715 ||| IDENTIFYING brown potion
  4716 | D:6      | 4716 ||| READING 2 scrolls of identify.
  4716 | D:6      | 4716 ||| IDENTIFYING dark potion
  4781 | D:7      | 4781 ||| Stepping ~*~*~tactically~*~*~ (hiding).
  4782 | D:7      | 4782 ||| Stepping ~*~*~tactically~*~*~ (hiding).
  4791 | D:7      | Reached skill level 8 in Axes
  4907 | D:7      | Noticed Duvessa
  4907 | D:7      | Noticed Dowan
  4908 | D:7      | 4908 ||| INVOKING Heroism.
  4914 | D:7      | Killed Dowan
  4922 | D:7      | Killed Duvessa
  4947 | D:7      | 4947 ||| Stepping ~*~*~tactically~*~*~ (cloud).
  4949 | D:7      | 4949 ||| INVOKING Heroism.
  4958 | D:7      | Reached ** piety under Okawaru
  4959 | D:7      | Reached skill level 6 in Fighting
  5095 | D:7      | 5095 ||| INVOKING Heroism.
  5176 | D:7      | 5176 ||| Stepping ~*~*~tactically~*~*~ (stealth).
  5525 | D:8      | Noticed a red ugly thing
  5531 | D:8      | 5531 ||| INVOKING Heroism.
  5534 | D:8      | HP: 9/55 [red ugly thing (18)]
  5535 | D:8      | 5535 ||| DRINKING 2 potions of heal wounds.
  5539 | D:8      | Killed a red ugly thing
  5540 | D:8      | Reached skill level 9 in Axes
  5648 | D:8      | 5648 ||| Stepping ~*~*~tactically~*~*~ (hiding).
  5725 | D:8      | Identified the +8 scimitar of Ascent {vorpal, Int+4 Dex+2}
  5726 | D:8      | Noticed a manticore
  5726 | D:8      | Noticed a death knight
  5727 | D:8      | 5727 ||| INVOKING Heroism.
  5729 | D:8      | 5729 ||| Stepping ~*~*~tactically~*~*~ (hiding).
  5740 | D:8      | HP: 10/55 [manticore (5)]
  5741 | D:8      | 5741 ||| DRINKING potion of heal wounds.
  5743 | D:8      | Killed a manticore
  5744 | D:8      | Reached XP level 10. HP: 24/60 MP: 13/13
  5746 | D:8      | HP: 10/60 [mirror damage (6)]
  5749 | D:8      | 5749 ||| INVOKING Heroism.
  5750 | D:8      | HP: 1/60 [death knight/+0 broad axe (8)]
  5751 | D:8      | Killed a death knight
  5751 | D:8      | Reached *** piety under Okawaru
  5751 | D:8      | Noticed a manticore
  5756 | D:8      | Mangled by a manticore

Levels and vault maps discovered:
D:1:      minmay_arrival_diagonal_passages, layout_rooms,
          kennysheep_minor_cross, amcnicky_mini_corridor_feature
D:2:      layout_basic, hellmonk_ecumenical_altar_arch_garden
D:3:      layout_loops_corners, chequers_temple_overflow_statue_of_worship,
          minivault_27, minmay_randomly_rotated_circles
D:4:      gammafunk_steamed_eel, layout_loops_cross, minmay_misc_feat_enclosed
D:5:      layout_loops_ring, mainiacjoe_overflow_cross_hatched,
          minmay_temple_entry_tees, nicolae_ossuary_entry_plus
D:6:      layout_basic, nicolae_gozag_seed_capital, uniq_crazy_yiuf_cottage
D:7:      layout_gridville, uniq_duvessa
D:8:      minmay_the_grid_four_pointed_star
          [minmay_the_grid_triangle_9x9_corruption,
          minmay_the_grid_triangle_9x9_negative_grid,
          minmay_the_grid_triangle_9x9_sprig,
          minmay_the_grid_triangle_9x9_zippers_horizontal,
          minmay_the_grid_prize_four_corners_diamond_b], layout_loops_ring,
          minivault_10, hangedman_misty_isle
Temple:   sentei_temple_godly_chess

Skill      XL: |  1  2  3  4  5  6  7  8  9 10 |
---------------+-------------------------------+-----
Axes           | 2 3 4 5 6 7 9 |  9.2
Armour         | 4 5 6 7 8 |  8.3
Fighting       | 4 5 6 |  6.1
Throwing       | 1 2 |  2.2
Dodging        | 1 |  1.3
Invocations    | 4 |  4.1
Shields        | 5 |  5.3

Action                   |  1- 3 |  4- 6 |  7- 9 | 10-12 || total
-------------------------+-------+-------+-------+-------++-------
Melee: War axe           |   117 |    71 |   232 |    12 ||   432
Throw: Boomerang         |       |     8 |    11 |       ||    19
       Javelin           |       |       |    39 |       ||    39
Invok: Heroism           |       |       |     8 |     1 ||     9
  Use: Scroll            |     6 |     7 |     5 |       ||    18
       Potion            |     1 |     2 |     3 |       ||     6
Armor: Scale mail        |    37 |       |       |       ||    37
       Crystal plate arm |    40 |    68 |   190 |     8 ||   306
Dodge: Dodged            |    25 |     6 |    36 |     2 ||    69
Block: Buckler           |    15 |    11 |    55 |     5 ||    86

Table legend:
 A = Non-vault XP
 B = Vault XP
 C = Vault XP percentage of total XP
 D = Non-vault monster count
 E = Vault monster count
 F = Vault count percentage of total count
                 A         B        C        D         E       F
            +---------+---------+-------+---------+---------+-------
      Total |    4093 |    1585 |  27.9 |     119 |      13 |   9.8
            +---------+---------+-------+---------+---------+-------
        D:1 |      45 |       0 |   0.0 |      28 |       0 |   0.0
        D:2 |      20 |       0 |   0.0 |      11 |       0 |   0.0
        D:3 |     110 |      11 |   9.1 |      13 |       6 |  31.6
        D:4 |     280 |       0 |   0.0 |      11 |       0 |   0.0
        D:5 |     322 |       0 |   0.0 |      10 |       0 |   0.0
        D:6 |    1749 |       0 |   0.0 |      31 |       0 |   0.0
        D:7 |    1028 |     218 |  17.5 |      13 |       2 |  13.3
        D:8 |     539 |    1356 |  71.6 |       2 |       5 |  71.4
            +---------+---------+-------+---------+---------+-------
